AoeStats
← mikrethor

African Clearing

510824780Analyzed
3v3 RM · 15h ago on Oct 2, 2026· 46m 3s· 6 players
Game mode
Random Map
Map size
Normal (6 player)
Population
200
Speed
Normal
Resources
Standard
Victory
Conquest
Starting age
Dark Age
Ending age
Imperial Age
RankedLock teamsTeams togetherTeam positionsShared explorationLock speedFull tech treeHidden civsTurbo modeCheats
Victory
Defeat
🇫🇷 Turks · France
1110
+14
🇩🇪 Goths · Germany
1053
+16
🇫🇷 Malians · France
1007
+17
🇮🇪 Huns · Ireland
1081
-17
🇨🇦 Malay · Canada
1041
-15
🇧🇷 Maya · Brazil
1038
-15
mikrethor
11:16 Loom
14:33 Feudal Age
16:23 Double-Bit Axe
18:08 Wheelbarrow
18:15 Fishing Lines
21:53 Castle Age
20:27 Horse Collar
21:56 Gillnets
22:20 Bow Saw
28:30 Stone Mining
29:23 Hand Cart
30:54 Forging
30:35 Fletching
31:33 Caravan
32:01 Heavy Plow
33:39 Bodkin Arrow
34:19 Iron Casting
35:31 Husbandry
38:13 Imperial Age
38:45 Blast Furnace
40:32 Chemistry
FeHZappa
4:00 Loom
16:12 Feudal Age
20:17 Castle Age
18:14 Gold Mining
18:41 Double-Bit Axe
20:29 Fletching
20:36 Crossbowman
26:08 Padded Archer Armor
26:10 Pikeman
27:52 Forging
28:41 Scale Mail Armor
30:32 Wheelbarrow
31:47 Bow Saw
34:09 Chain Mail Armor
36:05 Horse Collar
39:18 Bodkin Arrow
40:19 Heavy Plow
42:02 Leather Archer Armor
redjumper99
6:06 Loom
14:25 Feudal Age
15:00 Town Watch
15:03 Double-Bit Axe
17:10 Bloodlines
22:17 Horse Collar
25:40 Castle Age
24:17 Scale Barding Armor
25:12 Stone Mining
27:00 Wheelbarrow
26:38 Bow Saw
28:07 Gold Mining
28:24 Husbandry
28:44 Forging
29:24 Gold Shaft Mining
29:50 Heavy Plow
33:30 Fishing Lines
34:34 Gillnets
36:34 Iron Casting
40:19 Hand Cart
41:20 Chain Barding Armor
43:32 Pikeman
44:13 Squires
44:16 Scale Mail Armor
Eric212
3:25 Loom
15:00 Feudal Age
15:29 Double-Bit Axe
16:55 Gold Mining
16:47 Horse Collar
21:59 Castle Age
21:48 Stone Mining
24:00 Stone Shaft Mining
23:28 Heavy Plow
23:41 Bow Saw
23:39 Pikeman
24:20 Squires
26:01 Wheelbarrow
29:49 Hand Cart
35:48 Imperial Age
33:46 Town Watch
35:09 Forging
34:59 Scale Mail Armor
35:38 Anarchy
37:22 Conscription
37:03 Perfusion
36:35 Elite Huskarl
36:59 Halberdier
39:32 Iron Casting
39:13 Chain Mail Armor
44:18 Blast Furnace
44:23 Man-at-Arms
45:31 Long Swordsman
Rheita
4:12 Loom
19:15 Feudal Age
19:49 Double-Bit Axe
19:46 Horse Collar
24:11 Wheelbarrow
27:46 Castle Age
26:49 Forging
26:39 Scale Mail Armor
27:06 Gold Mining
28:34 Town Watch
28:58 Stone Mining
32:40 Town Watch
34:16 Iron Casting
35:55 Arson
41:31 Gold Shaft Mining
43:24 Hand Cart
Rheii
14:03 Loom
18:04 Feudal Age
19:15 Horse Collar
19:21 Double-Bit Axe
20:31 Wheelbarrow
20:42 Bloodlines
20:46 Forging
20:41 Scale Barding Armor
26:40 Castle Age
24:45 Fletching
27:52 Chain Barding Armor
30:11 Iron Casting
30:56 Husbandry
41:24 Heavy Plow
43:27 Hand Cart
43:24 Bow Saw
48:10 Imperial Age
Connection lost

Rejoining the realm…

Still unreachable

The connection could not be restored.

Session expired

The server has moved on; the page needs a fresh start.